ORI
MISSISSIPPI STATE UNIVERSITY BULLDOGS @ UNIVERSITY OF ALABAMA CRIMSON TIDE
07/20/2044
 
TOP OF THE 1ST
University of Maine Black Bears batting - Pitching for Arizona State University Sun Devils : RHP Adam Karst
Pitching: RHP Adam Karst
Batting: RHB Wataru Tani 0-0: Called Strike
0-1: Bunt missed!
0-2: Ball
1-2: Ball
2-2: Ball
3-2: Fly out, F9 (Flyball, 9, EV 86.9 MPH)
Batting: RHB Ivan Navar 0-0: Foul Ball, location: 2F
0-1: SINGLE (Groundball, 6MD, EV 107.5 MPH)
Batting: SHB Willie Medina 0-0: Ball
1-0: Ball
Ivan Navar is caught stealing 2nd base 2-6
2-0: Ball
3-0: Called Strike
3-1: Base on Balls
Batting: RHB Alvin Garcia 0-0: Fly out, F8 (Line Drive, 8RD, EV 90.6 MPH)
Top of the 1st over - 0 runs, 1 hit, 0 errors, 1 left on base; University of Maine 0 - Arizona State University 0
BOTTOM OF THE 1ST
Arizona State University Sun Devils batting - Pitching for University of Maine Black Bears : RHP Jordan Martinez
Pitching: RHP Jordan Martinez
Batting: RHB Roberto Aispuro 0-0: SINGLE (Line Drive, 3D, EV 98.8 MPH)
Batting: RHB Jaylen North 0-0: Ball
1-0: Foul Ball, location: 2F
1-1: Fly out, F8 (Flyball, 89D, EV 83.8 MPH)
Batting: RHB Charles Mealer 0-0: SINGLE (Line Drive, 9LS, EV 89.4 MPH)
Roberto Aispuro to second
Runner from 2nd tries for 3rd, SAFE, throw by RF made to third
Batting: RHB Akichika Yamano 0-0: Foul Ball, location: 2F
0-1: Called Strike
0-2: Ball
1-2: Strikes out swinging
Batting: RHB Jonas Fernandez 0-0: Fielders Choice at 2nd, 5-4 (Groundball, 56, EV 89.4 MPH)
Bottom of the 1st over - 0 runs, 2 hits, 0 errors, 2 left on base; University of Maine 0 - Arizona State University 0
TOP OF THE 2ND
University of Maine Black Bears batting - Pitching for Arizona State University Sun Devils : RHP Adam Karst
Batting: LHB Keith Long 0-0: Called Strike
0-1: Ball
1-1: Ball
2-1: Ball
3-1: Foul Ball, location: 2F
3-2: Foul Ball, location: 2F
3-2: Foul Ball, location: 2F
3-2: Base on Balls
Batting: RHB Kevin Popowicz 0-0: Swinging Strike
0-1: Called Strike
0-2: Strikes out looking
Batting: RHB Yoshitoshi Mori 0-0: Ball
1-0: Swinging Strike
1-1: Foul Ball, location: 2F
1-2: Strikes out looking
Batting: RHB Jeff McClellan 0-0: Ground out 4-3 (Groundball, 4, EV 92.5 MPH)
Top of the 2nd over - 0 runs, 0 hits, 0 errors, 1 left on base; University of Maine 0 - Arizona State University 0
BOTTOM OF THE 2ND
Arizona State University Sun Devils batting - Pitching for University of Maine Black Bears : RHP Jordan Martinez
Batting: LHB Jeff Palmowski 0-0: Ground out 4-3 (Groundball, 4M, EV 81.9 MPH)
Batting: RHB Wil Ochoa 0-0: Ball
1-0: Called Strike
1-1: Ground out 1-3 (Groundball, 13S, EV 74.4 MPH)
Batting: RHB John Moore 0-0: Fly out, F8 (Flyball, 8RD, EV 91.9 MPH)
Bottom of the 2nd over - 0 runs, 0 hits, 0 errors, 0 left on base; University of Maine 0 - Arizona State University 0
TOP OF THE 3RD
University of Maine Black Bears batting - Pitching for Arizona State University Sun Devils : RHP Adam Karst
Batting: RHB Chris Arroyo 0-0: Called Strike
0-1: Ball
1-1: Fly out, F9 (Flyball, 9, EV 91.2 MPH)
Batting: RHB Wataru Tani 0-0: Ball
1-0: Called Strike
1-1: Fly out, F7 (Flyball, 7S, EV 85.0 MPH)
Batting: RHB Ivan Navar 0-0: Ball
1-0: Foul Ball, location: 2F
1-1: DOUBLE (Line Drive, 89XD, EV 106.9 MPH)
Batting: SHB Willie Medina 0-0: Ball
1-0: Ground out 4-3 (Groundball, 4, EV 79.4 MPH)
Top of the 3rd over - 0 runs, 1 hit, 0 errors, 1 left on base; University of Maine 0 - Arizona State University 0
BOTTOM OF THE 3RD
Arizona State University Sun Devils batting - Pitching for University of Maine Black Bears : RHP Jordan Martinez
Batting: RHB George Wills 0-0: Ground out 4-3 (Groundball, 4, EV 88.8 MPH)
Batting: RHB Roberto Aispuro 0-0: Ground out 4-3 (Groundball, 4, EV 81.9 MPH)
Batting: RHB Jaylen North 0-0: Ball
1-0: Ball
2-0: Ball
3-0: Base on Balls
Batting: RHB Charles Mealer 0-0: Ball
1-0: Foul Ball, location: 2F
1-1: Foul Ball, location: 2F
1-2: Ball
2-2: Ground out 6-3 (Groundball, 6S, EV 84.4 MPH)
Bottom of the 3rd over - 0 runs, 0 hits, 0 errors, 1 left on base; University of Maine 0 - Arizona State University 0
TOP OF THE 4TH
University of Maine Black Bears batting - Pitching for Arizona State University Sun Devils : RHP Adam Karst
Batting: RHB Alvin Garcia 0-0: Ball
1-0: SINGLE (Groundball, 6MD, EV 93.8 MPH)
Batting: LHB Keith Long 0-0: Ball
1-0: Ball
2-0: Called Strike
2-1: Called Strike
2-2: Strikes out swinging
Batting: RHB Kevin Popowicz 0-0: Called Strike
0-1: SINGLE (Line Drive, 6MD, EV 98.1 MPH)
Alvin Garcia to second
Batting: RHB Yoshitoshi Mori 0-0: Called Strike
0-1: Swinging Strike
0-2: Strikes out swinging
Batting: RHB Jeff McClellan 0-0: Swinging Strike
0-1: Ball
1-1: Ground out U3 (Groundball, 34S, EV 91.9 MPH)
Top of the 4th over - 0 runs, 2 hits, 0 errors, 2 left on base; University of Maine 0 - Arizona State University 0
BOTTOM OF THE 4TH
Arizona State University Sun Devils batting - Pitching for University of Maine Black Bears : RHP Jordan Martinez
Batting: RHB Akichika Yamano 0-0: Foul Ball, location: 2F
0-1: Ball
1-1: Called Strike
1-2: Ground out U3 (Groundball, 34S, EV 70.6 MPH)
Batting: RHB Jonas Fernandez 0-0: Ball
1-0: Called Strike
1-1: Foul Ball, location: 2F
1-2: Foul Ball, location: 2F
1-2: Ground out 5-3 (Groundball, 56, EV 99.4 MPH)
Batting: LHB Jeff Palmowski 0-0: SINGLE (Groundball, 4MD, EV 105.6 MPH)
Batting: RHB Wil Ochoa 0-0: Foul Ball, location: 2F
0-1: Fly out, F7 (Line Drive, 7, EV 93.1 MPH)
Bottom of the 4th over - 0 runs, 1 hit, 0 errors, 1 left on base; University of Maine 0 - Arizona State University 0
TOP OF THE 5TH
University of Maine Black Bears batting - Pitching for Arizona State University Sun Devils : RHP Adam Karst
Pitching: RHP Walt Walton
Batting: RHB Chris Arroyo 0-0: Foul Ball, location: 2F
0-1: Ground out 6-3 (Groundball, 6, EV 85.0 MPH)
Batting: RHB Wataru Tani 0-0: Fly out, F1 (Line Drive, P, EV 67.5 MPH)
Batting: RHB Ivan Navar 0-0: SINGLE (Groundball, 6MS, EV 69.4 MPH) (infield hit)
Batting: SHB Willie Medina 0-0: Ball
1-0: Ground out 4-3 (Groundball, 4, EV 99.4 MPH)
Top of the 5th over - 0 runs, 1 hit, 0 errors, 1 left on base; University of Maine 0 - Arizona State University 0
BOTTOM OF THE 5TH
Arizona State University Sun Devils batting - Pitching for University of Maine Black Bears : RHP Jordan Martinez
Pitching: RHP George Allen
Batting: RHB John Moore 0-0: Ball
1-0: Swinging Strike
1-1: Foul Ball, location: 2F
1-2: Strikes out swinging
Batting: RHB George Wills 0-0: Ball
1-0: Fly out, F6 (Flyball, 56D, EV 85.0 MPH)
Batting: RHB Roberto Aispuro 0-0: Foul Ball, location: 2F
0-1: Ball
1-1: Fly out, F7 (Line Drive, 7, EV 88.1 MPH)
Bottom of the 5th over - 0 runs, 0 hits, 0 errors, 0 left on base; University of Maine 0 - Arizona State University 0
TOP OF THE 6TH
University of Maine Black Bears batting - Pitching for Arizona State University Sun Devils : RHP Walt Walton
Batting: RHB Alvin Garcia 0-0: Foul Ball, location: 2F
0-1: Foul Ball, location: 2F
0-2: Fly out, F8 (Flyball, 8RD, EV 86.2 MPH)
Batting: LHB Keith Long 0-0: Foul Ball, location: 2F
0-1: Foul Ball, location: 2F
0-2: Ball
1-2: Strikes out swinging
Batting: RHB Kevin Popowicz 0-0: Ball
1-0: SINGLE (Groundball, 56S, EV 73.8 MPH) (infield hit)
Batting: RHB Yoshitoshi Mori 0-0: Ball
1-0: Fly out, F9 (Flyball, 9S, EV 79.4 MPH)
Top of the 6th over - 0 runs, 1 hit, 0 errors, 1 left on base; University of Maine 0 - Arizona State University 0
BOTTOM OF THE 6TH
Arizona State University Sun Devils batting - Pitching for University of Maine Black Bears : RHP George Allen
Batting: RHB Jaylen North 0-0: Ball
1-0: Ball
2-0: Foul Ball, location: 2F
2-1: Foul Ball, location: 2F
2-2: Ground out 4-3 (Groundball, 4, EV 101.9 MPH)
Batting: RHB Charles Mealer 0-0: Called Strike
0-1: Swinging Strike
0-2: SINGLE (Groundball, 4MD, EV 104.4 MPH)
Batting: RHB Akichika Yamano 0-0: Swinging Strike
0-1: Foul Ball, location: 2F
0-2: Fly out, F8 (Flyball, 8RD, EV 92.5 MPH)
Batting: RHB Jonas Fernandez 0-0: Ball
1-0: Ball
2-0: Foul Ball, location: 2F
2-1: Foul Ball, location: 2F
2-2: Strikes out swinging, 2-3 out at first.
Bottom of the 6th over - 0 runs, 1 hit, 0 errors, 1 left on base; University of Maine 0 - Arizona State University 0
TOP OF THE 7TH
University of Maine Black Bears batting - Pitching for Arizona State University Sun Devils : RHP Walt Walton
Batting: RHB Jeff McClellan 0-0: Called Strike
0-1: Ball
1-1: Ball
2-1: Foul Ball, location: 2F
2-2: Fly out, F8 (Line Drive, 8RM, EV 100.0 MPH)
Batting: RHB Chris Arroyo 0-0: Ball
1-0: Ball
2-0: Ball
3-0: Called Strike
3-1: Base on Balls
Batting: RHB Wataru Tani 0-0: Called Strike
0-1: Ball
1-1: SINGLE (Flyball, 8RS, EV 89.4 MPH)
Chris Arroyo to second
Pinch Hitting: RHB Eddie Dimas 0-0: Ball
1-0: Fly out, F8 (Flyball, 8RD, EV 73.8 MPH)
Batting: SHB Willie Medina 0-0: SINGLE (Line Drive, 9S, EV 108.1 MPH)
Chris Arroyo to third
Wataru Tani to second
Pinch Hitting: RHB Juan Bonilla 0-0: Foul Ball, location: 2F
0-1: Ball
1-1: Foul Ball, location: 2F
1-2: Strikes out swinging
Top of the 7th over - 0 runs, 2 hits, 0 errors, 3 left on base; University of Maine 0 - Arizona State University 0
BOTTOM OF THE 7TH
Arizona State University Sun Devils batting - Pitching for University of Maine Black Bears : RHP George Allen
Now at 1B: Juan Bonilla
Now in RF: Eddie Dimas
Batting: LHB Jeff Palmowski 0-0: Foul Ball, location: 2F
0-1: Ball
1-1: Swinging Strike
1-2: Foul Ball, location: 2F
1-2: Ball
2-2: Ground out 5-3 (Groundball, 56, EV 90.6 MPH)
Pinch Hitting: LHB Mason Duffy 0-0: Ball
1-0: Foul Ball, location: 2F
1-1: Ball
2-1: Ground out 4-3 (Groundball, 4, EV 100.6 MPH)
Pinch Hitting: RHB Tony Beaumond 0-0: Ball
1-0: Ball
2-0: Ball
3-0: Base on Balls
Pinch Hitting: SHB Justin Towry 0-0: Called Strike
0-1: Swinging Strike
0-2: Ground out 4-3 (Groundball, 4, EV 86.9 MPH)
Bottom of the 7th over - 0 runs, 0 hits, 0 errors, 1 left on base; University of Maine 0 - Arizona State University 0
TOP OF THE 8TH
University of Maine Black Bears batting - Pitching for Arizona State University Sun Devils : RHP Walt Walton
Pitching: LHP Jin-song Lim
Now at 2B: Justin Towry
Now at 3B: Tony Beaumond
Now in LF: Fernando Lara
Batting: RHB Brian Bonin 0-0: Ball
1-0: Ball
2-0: Ball
3-0: Called Strike
3-1: DOUBLE (Flyball, 9LD, EV 93.8 MPH)
Pinch Hitting: RHB Kevin Harris 0-0: Intentional Walk
Pinch Hitting: RHB Dirkjan van de Kant 0-0: Bunt missed!
0-1: Bunt missed!
0-2: Ball
1-2: Foul Ball, location: 2F
1-2: Ball
2-2: Foul Ball, location: 2F
2-2: Strikes out swinging
Pinch Hitting: RHB Isaias Chavez 0-0: Ball
1-0: Bunted foul
1-1: Bunted foul
1-2: Foul Ball, location: 2F
1-2: Fielders Choice at 2nd, 1-6 (Groundball, 23, EV 65.0 MPH)
Brian Bonin to third
Pinch Hitting: RHB Ismael Dominguez 0-0: Called Strike
0-1: Called Strike
0-2: Ball
Isaias Chavez is caught stealing 2nd base 2-4
Top of the 8th over - 0 runs, 1 hit, 0 errors, 1 left on base; University of Maine 0 - Arizona State University 0
BOTTOM OF THE 8TH
Arizona State University Sun Devils batting - Pitching for University of Maine Black Bears : RHP George Allen
Pitching: LHP Jason Gale
Now at C: Korey Guzman
Now at 2B: Kevin Harris
Now at 3B: Ismael Dominguez
Now at SS: Jose Simental
Pinch Hitting: RHB Toshikatsu Omori 0-0: Ball
1-0: Called Strike
1-1: Foul Ball, location: 2F
1-2: SINGLE (Groundball, 56, EV 102.5 MPH)
Batting: RHB Jaylen North 0-0: Grounds into double play, 4-6-3 (Groundball, 4, EV 82.5 MPH)
Batting: RHB Charles Mealer 0-0: Foul Ball, location: 2F
0-1: Foul Ball, location: 2F
0-2: Ball
1-2: Fly out, F8 (Line Drive, 8RD, EV 107.5 MPH)
Bottom of the 8th over - 0 runs, 1 hit, 0 errors, 0 left on base; University of Maine 0 - Arizona State University 0
TOP OF THE 9TH
University of Maine Black Bears batting - Pitching for Arizona State University Sun Devils : LHP Jin-song Lim
Now in CF: Yasutaka Yamasaki
Pinch Hitting: RHB Juan Acero 0-0: Foul Ball, location: 2F
0-1: Swinging Strike
0-2: DOUBLE (Line Drive, 89M, EV 109.4 MPH)
Pinch Hitting: SHB Bill Santos 0-0: Intentional Walk
Pinch Hitting: RHB Tsutomu Kawashima 0-0: Bunt missed!
0-1: Bunt missed!
0-2: Ball
1-2: Grounds into double play, 4-6-3 (Groundball, 4, EV 97.5 MPH)
Juan Acero to third
Pinch Hitting: RHB Drew Coleman 0-0: Called Strike
0-1: Called Strike
0-2: Ball
1-2: Ball
2-2: Strikes out looking
Top of the 9th over - 0 runs, 1 hit, 0 errors, 1 left on base; University of Maine 0 - Arizona State University 0
BOTTOM OF THE 9TH
Arizona State University Sun Devils batting - Pitching for University of Maine Black Bears : LHP Jason Gale
Now at 3B: Clark Meagher
Now in LF: Drew Coleman
Now in CF: Bill Santos
Now in RF: Jon Borden
Batting: RHB Akichika Yamano 0-0: Ball
1-0: Called Strike
1-1: Swinging Strike
1-2: Ball
2-2: Ball
3-2: Base on Balls
Pinch Hitting: LHB Dominique Lecoq 0-0: Foul Ball, location: 2F
0-1: Fly out, F9 (Flyball, 9, EV 97.5 MPH)
Batting: RHB Jeff Buchanan 0-0: Ball
1-0: Called Strike
1-1: Ball
2-1: Swinging Strike
2-2: Strikes out swinging
Pinch Hitting: RHB Jaylen Dixon 0-0: SINGLE (Groundball, 56D, EV 105.0 MPH)
Akichika Yamano to second
Batting: RHB Tony Beaumond 0-0: Fly out, F7 (Flyball, 78S, EV 81.2 MPH)
Bottom of the 9th over - 0 runs, 1 hit, 0 errors, 2 left on base; University of Maine 0 - Arizona State University 0
TOP OF THE 10TH
University of Maine Black Bears batting - Pitching for Arizona State University Sun Devils : LHP Jin-song Lim
Pitching: RHP Chris Cohen
Now at SS: Dominique Lecoq
Now in LF: Brent Donahue
Batting: RHB Juan Bonilla 0-0: Called Strike
0-1: Swinging Strike
0-2: Strikes out swinging
Batting: RHB Brian Bonin 0-0: Swinging Strike
0-1: SINGLE (Groundball, 6MD, EV 95.6 MPH)
Batting: RHB Kevin Harris 0-0: Bunt missed!
0-1: Ball
1-1: Sac Bunt to 23 - play at first, batter OUT! 3-4
Brian Bonin to second
Batting: RHB Korey Guzman 0-0: Intentional Walk
Pinch Hitting: RHB Luis Castillo 0-0: Ball
1-0: Called Strike
1-1: SINGLE (Line Drive, 8RS, EV 94.4 MPH)
Brian Bonin to third
Korey Guzman to second
Batting: RHB Jon Borden 0-0: Ball
1-0: Ball
2-0: Ball
3-0: Called Strike
3-1: Foul Ball, location: 2F
3-2: Strikes out swinging
Top of the 10th over - 0 runs, 2 hits, 0 errors, 3 left on base; University of Maine 0 - Arizona State University 0
BOTTOM OF THE 10TH
Arizona State University Sun Devils batting - Pitching for University of Maine Black Bears : LHP Jason Gale
Pitching: RHP Jason Barber
Now at SS: Tyler Rogers
Batting: SHB Justin Towry 0-0: Ball
1-0: Ground out 4-3 (Groundball, 4, EV 103.8 MPH)
Pinch Hitting: RHB Marco Plata 0-0: Ground out 5-3 (Groundball, 56, EV 110.6 MPH)
Pinch Hitting: RHB Robbie Sotelo 0-0: Ball
1-0: Called Strike
1-1: Swinging Strike
1-2: DOUBLE (Flyball, 89D, EV 103.8 MPH)
Pinch Hitting: SHB Luong Chien 0-0: Ball
1-0: Fly out, F8 (Flyball, 8LM, EV 85.0 MPH)
Bottom of the 10th over - 0 runs, 1 hit, 0 errors, 1 left on base; University of Maine 0 - Arizona State University 0
TOP OF THE 11TH
University of Maine Black Bears batting - Pitching for Arizona State University Sun Devils : RHP Chris Cohen
Pitching: RHP Miguel Medina
Now at C: Eric Peterson
Now at 1B: Robbie Sotelo
Now in CF: Bobby Dunn
Batting: SHB Bill Santos 0-0: Called Strike
0-1: Foul Ball, location: 2F
0-2: Ball
1-2: Ball
2-2: Fly out, F7 (Flyball, 7S, EV 75.0 MPH)
Pinch Hitting: LHB Alex Guereca 0-0: Ball
1-0: Called Strike
1-1: SINGLE (Groundball, 4, EV 103.8 MPH)
Batting: RHB Drew Coleman 0-0: Called Strike
0-1: Fly out, F6 (Flyball, 6D, EV 74.4 MPH)
Batting: RHB Juan Bonilla 0-0: Foul Ball, location: 2F
0-1: Ball
1-1: Foul Ball, location: 2F
1-2: Fly out, F6 (Line Drive, 6, EV 63.8 MPH)
Top of the 11th over - 0 runs, 1 hit, 0 errors, 1 left on base; University of Maine 0 - Arizona State University 0
BOTTOM OF THE 11TH
Arizona State University Sun Devils batting - Pitching for University of Maine Black Bears : RHP Jason Barber
Now at 3B: Seung-kab Park
Pinch Hitting: RHB Willie Cisneros 0-0: Ball
1-0: Ball
2-0: Ground out 4-3 (Groundball, 4, EV 90.0 MPH)
Batting: LHB Dominique Lecoq 0-0: Foul Ball, location: 2F
0-1: Ball
1-1: Foul Ball, location: 2F
1-2: Strikes out looking
Batting: RHB Jeff Buchanan 0-0: Foul Ball, location: 2F
0-1: Ball
1-1: Swinging Strike
1-2: Strikes out swinging
Bottom of the 11th over - 0 runs, 0 hits, 0 errors, 0 left on base; University of Maine 0 - Arizona State University 0
TOP OF THE 12TH
University of Maine Black Bears batting - Pitching for Arizona State University Sun Devils : RHP Miguel Medina
Now in RF: Willie Cisneros
Batting: RHB Brian Bonin 0-0: Ball
1-0: Ball
2-0: Swinging Strike
2-1: Ball
3-1: Base on Balls
Batting: RHB Kevin Harris 0-0: Bunt missed!
0-1: Sac Bunt to P - play at first, batter OUT! 1-4
Brian Bonin to second
Batting: RHB Korey Guzman 0-0: Intentional Walk
Batting: LHB Tyler Rogers 0-0: Ball
1-0: Foul Ball, location: 2F
1-1: Called Strike
1-2: Ball
2-2: Ball
3-2: Foul Ball, location: 2F
3-2: Foul Ball, location: 2F
3-2: Foul Ball, location: 2F
3-2: SINGLE (Groundball, 34D, EV 97.5 MPH)
Brian Bonin to third
Korey Guzman to second
Runner from 3rd tries for Home, SAFE, throw by RF to home
Batting: RHB Jon Borden 0-0: Ball
1-0: Ball
2-0: Foul Ball, location: 2F
2-1: Ball
3-1: Ground out U3 (Groundball, 3, EV 81.9 MPH)
Korey Guzman to third
Tyler Rogers to second
Batting: SHB Bill Santos 0-0: SINGLE (Groundball, 4MD, EV 96.9 MPH)
Korey Guzman scores
Tyler Rogers to third
Runner from 3rd tries for Home, SAFE, throw by CF to home
Pitching: RHP Nick Montfort
Batting: RHB Seung-kab Park 0-0: Called Strike
0-1: Called Strike
0-2: Strikes out swinging
Top of the 12th over - 3 runs, 2 hits, 0 errors, 1 left on base; University of Maine 3 - Arizona State University 0
BOTTOM OF THE 12TH
Arizona State University Sun Devils batting - Pitching for University of Maine Black Bears : RHP Jason Barber
Pinch Hitting: RHB Greg Nolen 0-0: Ball
1-0: Called Strike
1-1: Ball
2-1: Ball
3-1: Base on Balls
Batting: RHB Tony Beaumond 0-0: Foul Ball, location: 2F
0-1: Swinging Strike
0-2: Ball
1-2: Ball
2-2: Strikes out looking
Batting: SHB Justin Towry 0-0: Foul Ball, location: 2F
0-1: Ball
1-1: Called Strike
1-2: Ball
2-2: Foul Ball, location: 2F
2-2: SINGLE (Groundball, 34D, EV 105.6 MPH)
Greg Nolen to second
Batting: LHB Bobby Dunn 0-0: Ball
1-0: Foul Ball, location: 2F
1-1: Ball
2-1: Fly out, F9 (Flyball, 9LS, EV 82.5 MPH)
Batting: RHB Robbie Sotelo 0-0: Called Strike
0-1: Foul Ball, location: 2F
0-2: SINGLE (Groundball, 34D, EV 96.2 MPH)
Greg Nolen to third
Justin Towry to second
Pitching: LHP Joe Gluck
Pinch Hitting: SHB Owen Gillett 0-0: Called Strike
0-1: SINGLE (Groundball, 6MS, EV 68.8 MPH) (infield hit)
Greg Nolen scores
Justin Towry to third
Robbie Sotelo to second
Pinch Hitting: RHB Mitsuo Isono 0-0: Swinging Strike
0-1: Ball
1-1: Ground out 1-3 (Groundball, 34S, EV 68.8 MPH)
Bottom of the 12th over - 1 run, 3 hits, 0 errors, 3 left on base; University of Maine 3 - Arizona State University 1
Thursday, March 31st , 2022 - OOTP Baseball 22.12 Build 89